[Event "Early-Titled-Tuesday-Blitz-October-03-2023"]
[Site "Chess.com"]
[Date "2023.10.03"]
[Round "11"]
[White "Ariadna_Atreides"]
[Black "MikeSailer"]
[Result "1-0"]
[WhiteElo "2198"]
[BlackElo "2140"]
[TimeControl "180+1"]
[EndTime "10:07:55 PDT"]
[Termination "Ariadna_Atreides won by resignation"]

1. d4 b5 2. e4 Bb7 3. f3 a6 4. Be3 e6 5. Nd2 Nf6 6. Bd3 d5 7. e5 Nfd7 8. Ne2 c5 9. c3 Nc6 10. O-O Qb6 11. f4 g6 12. a3 cxd4 13. cxd4 Ne7 14.
Nf3 Nf5 15. Bf2 h5 16. Rc1 Be7 17. g3 O-O 18. Kg2 Rac8 19. h3 Rxc1 20. Qxc1 Rc8 21.
Qd2 b4 22. a4 b3 23. Rh1 Qb4 24. Qxb4 Bxb4 25. g4 hxg4 26. hxg4 Ng7 27. Ng3 Nb6 28. f5 exf5 29. gxf5 gxf5 30. Nxf5 Nxf5 31. Bxf5 Rc6 32. Be3 Nxa4 33. Bg5 Nxb2 34. Bf6 Rxf6 35. exf6 Nc4 36. Bh7+ Kf8 37. Bc2 Ke8 38. Bxb3 a5 39. Ba4+ Kd8 40.
Rh7 Nd6 41. Ne5 Bc3 42. Nxf7+ Nxf7 43. Rxf7 Bxd4 44. Rxb7 Bxf6 45. Rd7+ Kc8 46. Rxd5 Bc3 47. Rc5+ 1-0

[Event "Early-Titled-Tuesday-Blitz-October-03-2023"]
[Site "Chess.com"]
[Date "2023.10.03"]
[Round "11"]
[White "Witik"]
[Black "GianmarcoVaR"]
[Result "1-0"]
[WhiteElo "2837"]
[BlackElo "2653"]
[TimeControl "180+1"]
[EndTime "10:07:56 PDT"]
[Termination "Witik won on time"]

1. d4 g6 2. e4 d6 3. Nc3 c6 4. g4 b5 5. a3 a5 6. Bg2 Bb7 7. Nge2 Nf6 8. Ng3 h5 9. g5 Nfd7 10. h4 e5 11. O-O Bg7 12. Be3 O-O 13. Qd2 Qc7 14. Rad1 Nb6 15. b3 a4 16. f4 axb3 17. cxb3 Rxa3 18. dxe5 dxe5 19. f5 Re8 20. Qf2 Nc8 21.
Rc1 Rxb3 22. Nd5 Qd7 23. fxg6 fxg6 24. Bh3 Qxh3 25. Qf7+ Kh8 26. Qxe8+ Kh7 27. Nf5 cxd5 28. Rc7 Qg4+ 29. Kh2 Rb2+ 30. Rf2 Rxf2+ 31. Bxf2 gxf5 32.
Qf7 Qf4+ 33. Kg1 Qg4+ 34. Kh2 Nd7 35. Rxd7 Qf4+ 36. Bg3 1-0

[Event "Early-Titled-Tuesday-Blitz-October-03-2023"]
[Site "Chess.com"]
[Date "2023.10.03"]
[Round "11"]
[White "Mikhail_Golubev"]
[Black "MatthewG-p4p"]
[Result "0-1"]
[WhiteElo "2609"]
[BlackElo "2828"]
[TimeControl "180+1"]
[EndTime "10:07:59 PDT"]
[Termination "MatthewG-p4p won on time"]

1. e4 e6 2. d4 d5 3. Nc3 Bb4 4.
e5 Ne7 5. a3 Bxc3+ 6. bxc3 c5 7. a4 Qa5 8. Bd2 Nbc6 9. Nf3 Bd7 10. Bb5 a6 11. Be2 Qc7 12. O-O Na5 13. Re1 Rc8 14.
Bd3 h6 15. h4 Nc4 16. Bc1 Qa5 17. Rb1 b6 18. Bxc4 dxc4 19. Nd2 cxd4 20. cxd4 O-O 21. Ba3 Nd5 22. Bxf8 Kxf8 23. Ne4 Bxa4 24. Nd6 Rc7 25. Ra1 b5 26. Qf3 Qd2 27. Re4 Kg8 28. Rg4 Re7 29.
Qg3 f5 30. exf6 Nxf6 31. Rg6 Qxd4 32. Re1 Bxc2 33. Rxe6 Bxg6 34. Rxe7 Ng4 35. Qf3 Qxd6 36. Rxg7+ Kxg7 37. Qc3+ Qf6 38. Qb4 Ne5 39. Qf8+ Qxf8 0-1

[Event "Early-Titled-Tuesday-Blitz-October-03-2023"]
[Site "Chess.com"]
[Date "2023.10.03"]
[Round "11"]
[White "LUISMIGUELOV"]
[Black "lluiss"]
[Result "0-1"]
[WhiteElo "2135"]
[BlackElo "2214"]
[TimeControl "180+1"]
[EndTime "10:07:59 PDT"]
[Termination "lluiss won on time"]

1. e4 c5 2. d4 cxd4 3. c3 dxc3 4. Nxc3 Nc6 5. Bc4 e6 6. Nf3 Bb4 7. O-O Bxc3 8. bxc3 Nge7 9. a4 d5 10.
exd5 exd5 11. Bd3 h6 12. Re1 O-O 13. Ba3 Re8 14. h3 Be6 15. Rb1 Qd7 16. Nd4 Nxd4 17. cxd4 Nc6 18. Bc2 Bf5 19. Rxe8+ Rxe8 20. Bxf5 Qxf5 21.
Rxb7 Qe4 22. Bc5 Re6 23. Bxa7 Rg6 24. f3 Qe3+ 25. Kf1 Na5 26. Rb8+ Kh7 27. Bc5 Nc4 28. Bb4 Nb2 29. Qd2 Qb3 30. Bd6 Qc4+ 31. Kg1 Nd3 32. Rb3 Nc1 33. Re3 Rxd6 34. Re7 Rc6 35. Rxf7 Ne2+ 36. Kh2 Nxd4 37. Qf4 Ne6 38. Qf5+ Kg8 39.
Re7 Qf4+ 40. Qxf4 Nxf4 0-1

[Event "Early-Titled-Tuesday-Blitz-October-03-2023"]
[Site "Chess.com"]
[Date "2023.10.03"]
[Round "11"]
[White "santosalberto1987"]
[Black "Mesa_1"]
[Result "1-0"]
[WhiteElo "2504"]
[BlackElo "2614"]
[TimeControl "180+1"]
[EndTime "10:08:02 PDT"]
[Termination "santosalberto1987 won by resignation"]

1. e4 d6 2. d4 Nf6 3. Nc3 e5 4. Nf3 Nbd7 5. Bc4 Be7 6. O-O O-O 7. Re1 c6 8. a4 h6 9. h3 Re8 10. dxe5 dxe5 11. Be3 Qc7 12. Qe2 Bc5 13. Ba2 Bxe3 14.
Qxe3 Nf8 15. Nh4 Be6 16. Bxe6 Nxe6 17. Nf5 a5 18. Rad1 Rad8 19. Qf3 Ng5 20. Nxh6+ Kh7 21. Qf5+ Kxh6 22. h4 Ne6 23. g4 Nxg4 24. Qxg4 g6 25. h5 gxh5 26. Qf5 Rg8+ 27. Kf1 Rg5 28. Qf6+ Rg6 29.
Qh4 Nd4 30. Rd3 Rdg8 31. Ne2 c5 32. Rg3 Nxe2 33. Kxe2 Qd7 34. Qxh5+ Kg7 35. Rxg6+ fxg6 36. Qxe5+ Kf7 37. Qxc5 Re8 38. f3 Qh3 39. Rf1 Qg2+ 40. Rf2 Qg5 41. Qxg5 1-0

[Event "Early-Titled-Tuesday-Blitz-October-03-2023"]
[Site "Chess.com"]
[Date "2023.10.03"]
[Round "11"]
[White "stratacticos"]
[Black "NowInChess"]
[Result "0-1"]
[WhiteElo "1754"]
[BlackElo "2210"]
[TimeControl "180+1"]
[EndTime "10:08:04 PDT"]
[Termination "NowInChess won on time"]

1. e4 e6 2. d4 d5 3. e5 c5 4. c3 Nc6 5. Nf3 Qb6 6. Bd3 Nh6 7. O-O cxd4 8. Bxh6 gxh6 9. Qc2 dxc3 10. Nxc3 Bd7 11. a3 Nd4 12. Nxd4 Qxd4 13. Rfe1 Bg7 14. Qe2 a6 15. Rad1 Qc5 16. Rc1 Qe7 17. Qc2 O-O 18. Bxh7+ Kh8 19. Bd3 f6 20. exf6 Qxf6 21. Re3 Rac8 22.
Rf3 Qe7 23. Qe2 e5 24. Rxf8+ Qxf8 25. Na2 Rxc1+ 26. Nxc1 Qf4 27. Qd1 e4 28. Ne2 Qe5 29. Bc2 d4 30. Ba4 Bf5 31. Ng3 Bg6 32. h4 b5 33. Bb3 e3 34. Qe2 exf2+ 35. Kxf2 Qf4+ 36.
Qf3 Qxf3+ 37. gxf3 d3 38. Ke3 Bxb2 39. a4 Bc1+ 0-1

[Event "Early-Titled-Tuesday-Blitz-October-03-2023"]
[Site "Chess.com"]
[Date "2023.10.03"]
[Round "11"]
[White "Elbebiber"]
[Black "campochess"]
[Result "1-0"]
[WhiteElo "2146"]
[BlackElo "2144"]
[TimeControl "180+1"]
[EndTime "10:08:05 PDT"]
[Termination "Elbebiber won by resignation"]

1. f4 Nf6 2. Nf3 g6 3. e3 Bg7 4.
Be2 b6 5. O-O Bb7 6. d4 d6 7. c4 O-O 8. Nc3 Nbd7 9. Qc2 c5 10.
d5 b5 11. Nxb5 Nb6 12. Rb1 a6 13. Nc3 Bc8 14. e4 Ne8 15. Be3 Nc7 16. Bd3 Bd7 17.
Rbe1 e6 18. Ng5 h6 19. Nf3 Rb8 20. b3 Nc8 21. e5 exd5 22. Nxd5 Ne6 23. Be4 Nb6 24.
exd6 Bc6 25. Ne7+ Kh7 26. Nxc6 Qxd6 27. Nxb8 Rxb8 28. Rd1 Nd4 29. Bd5 Nxd5 30. Bxd4 cxd4 31. cxd5 Qxf4 32. Qd2 Qd6 33. Nxd4 Qxd5 34. Nf3 Qc5+ 35.
Kh1 Re8 36. Rfe1 Rxe1+ 37. Qxe1 Qc2 38. Rd2 Qf5 39. Re2 Qc5 40. h3 Bf6 41. Ne5 Qd5 42.
Ng4 Bg7 43. Qf1 Qd6 44. Rf2 f5 45. Ne3 Bd4 46. Re2 Qg3 47. Qf3 Qg5 48. Nf1 Bg7 49. Qe3 Qd8 50. Qe7 Qd1 51. Re1 Qd3 52. Qe2 Qd4 53. Nh2 h5 54. Nf3 Qd6 55. Qe3 Qg3 56. Ng5+ Kg8 57. Qxg3 1-0

[Event "Early-Titled-Tuesday-Blitz-October-03-2023"]
[Site "Chess.com"]
[Date "2023.10.03"]
[Round "11"]
[White "MMAHDI2013"]
[Black "lefonghua"]
[Result "0-1"]
[WhiteElo "2429"]
[BlackElo "2597"]
[TimeControl "180+1"]
[EndTime "10:08:06 PDT"]
[Termination "lefonghua won on time"]

1. c4 Nf6 2. Nf3 g6 3. b3 Bg7 4. Bb2 O-O 5. g3 c5 6. Bg2 Nc6 7. O-O d6 8. d4 Ne4 9. e3 Bg4 10. Qc1 Bxf3 11. Bxf3 Ng5 12. Bxc6 bxc6 13. dxc5 dxc5 14. Bxg7 Kxg7 15. h4 Nf3+ 16. Kg2 Ne5 17. Qc3 f6 18. Nd2 Qd3 19. Qxd3 Nxd3 20. Kf3 f5 21. Ke2 Rfd8 22. Nf3 e5 23. Rfd1 e4 24.
Ne1 Ne5 25. Ng2 h6 26. Ne1 g5 27. hxg5 hxg5 28. f3 Kf6 29. fxe4 fxe4 30. Rxd8 Rxd8 31. Rd1 Rxd1 32. Kxd1 Kf5 33. Ke2 Kg4 34. Kf2 Kh3 35. a3 Ng4+ 36. Ke2 Kxg3 37. b4 cxb4 38. axb4 Ne5 39. b5 cxb5 40. c5 b4 41. Nc2 a5 42.
Nd4 a4 43. c6 Nxc6 44. Nxc6 b3 45. Kd2 b2 46. Kc2 a3 47. Nd4 Kf2 48. Nf5 g4 49. Kb1 g3 0-1

[Event "Early-Titled-Tuesday-Blitz-October-03-2023"]
[Site "Chess.com"]
[Date "2023.10.03"]
[Round "11"]
[White "Larina_Maria"]
[Black "JohnWhite1952"]
[Result "1-0"]
[WhiteElo "2229"]
[BlackElo "2037"]
[TimeControl "180+1"]
[EndTime "10:08:10 PDT"]
[Termination "Larina_Maria won on time"]

1. e4 e6 2. d4 d5 3. Nc3 Bb4 4. exd5 exd5 5. Bd3 Nf6 6. Ne2 h6 7. O-O O-O 8. h3 c6 9. Bf4 Bd6 10. Qd2 Qc7 11. Bxd6 Qxd6 12. Ng3 Na6 13. a3 Nc7 14.
Nd1 Ne6 15. Re1 Nxd4 16. Ne3 Re8 17. Rad1 Ne6 18. Nef5 Qf8 19. c3 Nc5 20. Rxe8 Qxe8 21. Re1 Qd8 22. Ne7+ Kh8 23. Bc2 Be6 24. Nef5 Bxf5 25.
Nxf5 Nce4 26. Qf4 Qd7 27. h4 Re8 28. Re3 Nc5 29. Nxh6 Rxe3 30. Qxe3 Nce4 31. f3 gxh6 32.
fxe4 Nxe4 33. Qxh6+ Kg8 34. Qe3 Qg4 35. Bxe4 Qxe4 36.
Qxe4 dxe4 37. Kf2 f5 38. Ke3 Kf7 39. Kf4 Kf6 40. h5 1-0

[Event "Early-Titled-Tuesday-Blitz-October-03-2023"]
[Site "Chess.com"]
[Date "2023.10.03"]
[Round "11"]
[White "falzehope0"]
[Black "MdChess1734"]
[Result "0-1"]
[WhiteElo "2355"]
[BlackElo "2389"]
[TimeControl "180+1"]
[EndTime "10:08:11 PDT"]
[Termination "MdChess1734 won by checkmate"]

1. d4 Nf6 2. e3 e6 3. Bd3 c5 4. c3 b6 5. f4 Bb7 6. Nf3 Nc6 7. O-O Be7 8. Nbd2 Rc8 9. a3 Nd5 10.
Ne4 f5 11. Neg5 O-O 12. Qe2 h6 13. Nh3 Na5 14. Bd2 Nb3 15. Rae1 Nf6 16. Nf2 Ne4 17. Bc1 Nxc1 18. Rxc1 Bf6 19. Ne5 d6 20. Nf3 Qe8 21.
Nd2 Qg6 22. Nfxe4 fxe4 23. Ba6 Qf7 24. Bxb7 Qxb7 25. Nc4 Qe7 26. dxc5 bxc5 27. Qc2 d5 28. Nd2 c4 29. Rf2 Qc5 30. Re2 Rb8 31. Nf1 Qb6 32. g4 e5 33. fxe5 Bxe5 34. Rg2 Rf3 35. Qe2 Rbf8 36.
Ng3 Rxe3 37. Kh1 Rxe2 38. Nxe2 Rf2 39. Rcg1 Rxg2 40. Rxg2 Qe3 41. Ng3 Qc1+ 42. Rg1 Qxb2 43. Nf5 Qxc3 44. Rf1 e3 45. Kg2 e2 46. Rg1 e1=Q 47.
Rxe1 Qxe1 48. Ng3 Bd4 49. Kh3 c3 50. a4 c2 51. g5 c1=Q 52. gxh6 Qxh6+ 53. Kg4 Qd1+ 54. Kf5 Qf3# 0-1

[Event "Early-Titled-Tuesday-Blitz-October-03-2023"]
[Site "Chess.com"]
[Date "2023.10.03"]
[Round "11"]
[White "rachidhuilda"]
[Black "Heydarli77"]
[Result "0-1"]
[WhiteElo "2378"]
[BlackElo "2321"]
[TimeControl "180+1"]
[EndTime "10:08:12 PDT"]
[Termination "Heydarli77 won on time"]

1. d4 Nf6 2. Bg5 e6 3. e4 d5 4. Nd2 dxe4 5. Nxe4 Nbd7 6. Bd3 Be7 7. Nxf6+ Bxf6 8.
Bxf6 Qxf6 9. Nf3 c5 10. Qe2 cxd4 11. O-O-O O-O 12. Nxd4 h6 13. Qf3 Nc5 14. Qxf6 Nxd3+ 15. Rxd3 gxf6 16. Rhd1 e5 17. Nb5 a6 18. Nc7 Rb8 19. Nd5 f5 20. Ne7+ Kg7 21. Rd8 Be6 22. Rxb8 Rxb8 23. Nd5 f4 24. Nc3 Rc8 25. Rd6 Kf6 26. Kd2 Ke7 27. Rb6 Rc7 28. b3 f6 29. Ne4 Bf5 30. f3 Be6 31. c4 f5 32. Nc3 Rd7+ 33.
Ke2 h5 34. Nd5+ Bxd5 35. cxd5 Rxd5 36. Rxb7+ Rd7 37. Rb6 Rd6 38. Rb7+ Kf6 39. b4 e4 40. a4 e3 41. b5 axb5 42. Rxb5 Rd2+ 43. Ke1 Rxg2 44. Rb6+ Kg5 45. Rb8 Rxh2 46. Rg8+ Kh4 47. Rf8 Kg3 48. Rxf5 Kxf3 0-1

[Event "Early-Titled-Tuesday-Blitz-October-03-2023"]
[Site "Chess.com"]
[Date "2023.10.03"]
[Round "11"]
[White "AttilaTurzo"]
[Black "emeli_chess"]
[Result "1/2-1/2"]
[WhiteElo "2469"]
[BlackElo "2360"]
[TimeControl "180+1"]
[EndTime "10:08:13 PDT"]
[Termination "Game drawn - insufficient material"]

1. d4 Nf6 2. Bf4 d5 3. e3 e6 4. Nf3 Bd6 5. Nbd2 O-O 6. Bd3 c5 7. c3 Qc7 8. Ne5 Nbd7 9. Nxd7 Bxd7 10. Bxd6 Qxd6 11. O-O e5 12. dxc5 Qxc5 13. c4 dxc4 14. Bxc4 Bc6 15. Qb3 b5 16. Be2 Rad8 17. Rfd1 Qd5 18.
Qxd5 Rxd5 19. Nf3 Rxd1+ 20. Rxd1 Bxf3 21. Bxf3 Rc8 22. Bb7 Rb8 23. Rc1 Kf8 24. Rc8+ Rxc8 25. Bxc8 Ke7 26. b4 Kd6 27. Kf1 Nd5 28. a3 Nb6 29. Ba6 Kc6 30. Ke2 e4 31. f3 exf3+ 32.
gxf3 g5 33. f4 g4 34. e4 h5 35. e5 Nd5 36. f5 f6 37. exf6 Nxf6 38. Bc8 Kd5 39.
Kd3 Ke5 40. Ba6 h4 41. Bxb5 Kxf5 42. Bc6 Ke5 43. Ke3 Nd5+ 44. Bxd5 Kxd5 45. Kf4 g3 46.
hxg3 hxg3 47. Kxg3 Kc4 48. Kf3 Kb3 49. Ke3 Kxa3 50. b5 Kb4 51. Kd4 Kxb5 52. Kc3 a5 53.
Kb3 a4+ 54. Ka3 Ka5 55. Ka2 a3 56. Kxa3 1/2-1/2

[Event "Early-Titled-Tuesday-Blitz-October-03-2023"]
[Site "Chess.com"]
[Date "2023.10.03"]
[Round "11"]
[White "Gyulamiryan-koryun"]
[Black "copanchess"]
[Result "0-1"]
[WhiteElo "1989"]
[BlackElo "2165"]
[TimeControl "180+1"]
[EndTime "10:08:14 PDT"]
[Termination "copanchess won on time"]

1. e4 e5 2. Nf3 Nc6 3. d4 exd4 4. Bc4 Nf6 5. e5 d5 6. Bb5 Ne4 7. Nxd4 Bc5 8. Be3 O-O 9. Bxc6 bxc6 10. O-O Qe8 11. Nd2 Nxd2 12. Qxd2 Qxe5 13. Nxc6 Bxe3 14. fxe3 Qd6 15. Qxd5 Be6 16. Qxd6 cxd6 17. Nd4 Bd5 18. b3 Rac8 19. c4 Be4 20. Nb5 d5 21. cxd5 Bd3 22. Nxa7 Ra8 23. Rfd1 Bc2 24. Rd2 Be4 25. Nc6 Ra6 26. Ne7+ Kh8 27. a4 Rd8 28. Rad1 f5 29. d6 Rd7 30. Kf2 g5 31. Nd5 Raxd6 32. b4 Rxd5 33. Rxd5 Rxd5 34. Ra1 Rd2+ 35. Kg3 Rxg2+ 36. Kh3 h5 37. a5 Kh7 38. Rc1 Kg6 39. Rc6+ Bxc6 40.
a6 g4+ 41. Kh4 Rxh2+ 42. Kg3 Rg2+ 43. Kh4 f4 44. exf4 Kf5 0-1

[Event "Early-Titled-Tuesday-Blitz-October-03-2023"]
[Site "Chess.com"]
[Date "2023.10.03"]
[Round "11"]
[White "hakanazeri2"]
[Black "Itk04"]
[Result "1-0"]
[WhiteElo "2613"]
[BlackElo "2725"]
[TimeControl "180+1"]
[EndTime "10:08:16 PDT"]
[Termination "hakanazeri2 won on time"]

1. Nf3 d5 2. d4 Nf6 3. c4 c6 4.
Nc3 dxc4 5. a4 Bf5 6. Ne5 Nbd7 7. Nxc4 e6 8. f3 Nb6 9. e4 Bg6 10. Be3 Bb4 11. Ne5 Bxe4 12. fxe4 Nxe4 13. Qf3 f5 14.
Rc1 O-O 15. Bc4 Nxc4 16. Nxc4 c5 17. dxc5 Qh4+ 18. g3 Nxg3 19. hxg3 Qxc4 20. Kf2 Rf7 21. Rh4 Qb3 22. Ne2 Qxb2 23. Bd4 Qa3 24. Qh5 h6 25.
Qg6 e5 26. Be3 f4 27. gxf4 exf4 28. Nxf4 Bd2 29. Bxd2 Rd8 30. Be3 Qa2+ 31. Qc2 Qa3 32. Qc3 Qa2+ 33. Rc2 Qxa4 34. Rd2 Rdf8 35. Rg4 Kh7 36.
Qd3+ Kg8 37. Qg6 Rxf4+ 38. Rxf4 Rxf4+ 39. Bxf4 Qxf4+ 40. Ke2 Qe5+ 41. Kd1 Qa1+ 42. Ke2 Qe5+ 43. Kf3 Qc3+ 44. Rd3 Qa5 45. Re3 1-0

[Event "Early-Titled-Tuesday-Blitz-October-03-2023"]
[Site "Chess.com"]
[Date "2023.10.03"]
[Round "11"]
[White "BeautiFullMindChess"]
[Black "Kgutierrez95"]
[Result "1-0"]
[WhiteElo "2380"]
[BlackElo "2212"]
[TimeControl "180+1"]
[EndTime "10:08:16 PDT"]
[Termination "BeautiFullMindChess won by resignation"]

1. e4 c6 2. d4 d5 3. exd5 cxd5 4. Bd3 Nf6 5. h3 e6 6. Bf4 Nc6 7. c3 Bd6 8. Bxd6 Qxd6 9. Nf3 O-O 10. O-O e5 11. dxe5 Nxe5 12. Nxe5 Qxe5 13. Nd2 Bd7 14.
Nf3 Qf4 15. Re1 Bc6 16. Nd4 Ne4 17. Qf3 Qxf3 18. Nxf3 Rad8 19. Nd4 Rfe8 20. f3 Nd6 21.
Kf2 g6 22. Rxe8+ Rxe8 23. Re1 Rxe1 24. Kxe1 f5 25. h4 Nc4 26. Bxc4 dxc4 27. Nxc6 bxc6 28. Kd2 f4 29. b3 cxb3 30. axb3 Kf7 31. Kd3 g5 32. hxg5 Kg6 33. Ke4 Kxg5 34. b4 a6 35.
Ke5 h6 36. c4 h5 37. Ke4 c5 38.
b5 axb5 39. cxb5 c4 40. b6 c3 41. Kd3 Kh4 42. b7 Kg3 43. b8=Q Kxg2 44. Qxf4 h4 45. Qxh4 c2 46. Kxc2 Kg1 47. f4 1-0

[Event "Early-Titled-Tuesday-Blitz-October-03-2023"]
[Site "Chess.com"]
[Date "2023.10.03"]
[Round "11"]
[White "Dmitry_Konenkin"]
[Black "Djager97"]
[Result "1-0"]
[WhiteElo "2372"]
[BlackElo "2546"]
[TimeControl "180+1"]
[EndTime "10:08:17 PDT"]
[Termination "Dmitry_Konenkin won on time"]

1. d4 d5 2. Bg5 Nf6 3. Nd2 e6 4. e4 Be7 5. e5 Nfd7 6. Bxe7 Qxe7 7. f4 c5 8. c3 Nc6 9. Ngf3 O-O 10. Bd3 f6 11. O-O b6 12. Qe2 a5 13. a4 cxd4 14.
cxd4 Nb4 15. Bb5 Ba6 16. Rac1 Bxb5 17. Qxb5 fxe5 18. fxe5 Rac8 19. Rc3 Na2 20. Rc6 Rxc6 21. Qxc6 Nb4 22. Qb7 Rb8 23. Qc7 Qd8 24. Qd6 Nf8 25.
Qxd8 Rxd8 26. Rc1 Nd3 27. Rc2 Rb8 28. b3 b5 29. Rc3 Nf4 30. Kf2 bxa4 31. bxa4 Rb4 32.
g3 N4g6 33. Ra3 h6 34. Nb3 Nd7 35. Nxa5 Nb6 36. Rb3 Rxb3 37. Nxb3 Nxa4 38. Nc5 Nxc5 39. dxc5 Kf7 40. Ke3 Ke7 41. Kd4 Kd7 42. Ne1 Ne7 43. Nd3 Nf5+ 44. Kc3 Kc6 45. Kb4 Ne3 46. Nf4 Ng4 47.
Nxe6 Nxe5 48. Nd4+ Kc7 49. Kb5 1-0

[Event "Early-Titled-Tuesday-Blitz-October-03-2023"]
[Site "Chess.com"]
[Date "2023.10.03"]
[Round "11"]
[White "ChessQueen"]
[Black "Malysch"]
[Result "1-0"]
[WhiteElo "2714"]
[BlackElo "2525"]
[TimeControl "180+1"]
[EndTime "10:08:19 PDT"]
[Termination "ChessQueen won on time"]

1. e4 Nf6 2. Nc3 d5 3. e5 Nfd7 4. d4 c5 5. dxc5 e6 6. f4 Nc6 7.
Nf3 Nxc5 8. Be3 a6 9. a3 b5 10. Ne2 Ne4 11. Ned4 Nxd4 12. Bxd4 Be7 13. c3 O-O 14.
Bd3 a5 15. Qe2 Ba6 16. O-O Qd7 17. Bxe4 dxe4 18. Qxe4 b4 19. Rfd1 bxa3 20. bxa3 Bb7 21. Qe2 Qa4 22. Nd2 Qc6 23. a4 Rfd8 24. Qf2 Rac8 25.
Ra2 h6 26. Nf1 Qc4 27. Qe2 Qc6 28. Ne3 Qe4 29. Qf2 Bc6 30. Re1 Qd3 31. f5 Bg5 32. h4 Bxe3 33. Rxe3 Qb1+ 34. Kh2 Qxf5 35. Qe1 Bd5 36.
Rf2 Qg6 37. Rg3 Qh5 38. Rf4 Rb8 39. Rfg4 g6 40. Qf2 Rd7 41. Qf6 Rb2 42. Be3 Bxg2 43. Rxg6+ fxg6 44. Rxg6+ Kh7 45. Rxh6+ Qxh6 46. Qxh6+ Kg8 47.
Qxe6+ Kg7 48. Qf6+ Kg8 49. Qe6+ Kh8 50. Qe8+ Kh7 51.
Qxd7+ Kg6 52. Qg4+ Kf7 53. Qxg2 1-0

[Event "Early-Titled-Tuesday-Blitz-October-03-2023"]
[Site "Chess.com"]
[Date "2023.10.03"]
[Round "11"]
[White "Bilan_Danila"]
[Black "GradualismUnleashed"]
[Result "1/2-1/2"]
[WhiteElo "2534"]
[BlackElo "2630"]
[TimeControl "180+1"]
[EndTime "10:08:20 PDT"]
[Termination "Game drawn - insufficient material"]

1. d4 d5 2. Nf3 Nf6 3. c4 e6 4. Nc3 Be7 5. Bg5 O-O 6. e3 Nbd7 7. Bd3 h6 8. Bh4 dxc4 9. Bxc4 a6 10. O-O b5 11. Be2 Bb7 12. Ne5 c5 13. Bf3 Bxf3 14. Qxf3 Nxe5 15. dxe5 Nd7 16. Bxe7 Qxe7 17. Qg3 Qg5 18.
f4 Qxg3 19. hxg3 c4 20. Ne4 Rfd8 21. Rfd1 Nb6 22. Kf2 Nd5 23. a3 f6 24. exf6 gxf6 25. Rd4 Kf7 26. Rad1 Ke7 27. Nc5 a5 28. e4 Nb6 29.
Rxd8 Rxd8 30. Rxd8 Kxd8 31. Nxe6+ Ke7 32. Nd4 Na4 33. Nxb5 Nxb2 34. Ke3 c3 35. Nxc3 Nc4+ 36. Kd3 Nxa3 37. g4 Kd6 38. g3 Ke6 39. Nd5 Nb5 40.
Kc4 Nd6+ 41. Kd4 Nb5+ 42. Kc5 Nd6 43. Nc3 a4 44. Nxa4 Nxe4+ 45. Kd4 Nxg3 46. Nc5+ Kf7 47. Ne4 Ne2+ 48. Ke3 Nc1 49. Ng3 Kg6 50. Nf5 h5 51.
Nh4+ Kh6 52. gxh5 Kxh5 53. Nf5 Kg4 54. Ng7 Na2 55. Ne8 f5 56. Ng7 Nc3 57. Nxf5 Kxf5 58.
Kd4 Ne2+ 59. Kc5 Nxf4 1/2-1/2

[Event "Early-Titled-Tuesday-Blitz-October-03-2023"]
[Site "Chess.com"]
[Date "2023.10.03"]
[Round "11"]
[White "vladgoncharov"]
[Black "Frolyanov_D"]
[Result "1/2-1/2"]
[WhiteElo "2523"]
[BlackElo "2657"]
[TimeControl "180+1"]
[EndTime "10:08:22 PDT"]
[Termination "Game drawn - insufficient material"]

1. d4 d5 2. c4 e6 3. Nc3 c6 4.
e3 Bd6 5. Nf3 f5 6. Bd3 Nf6 7. Qc2 O-O 8. b3 b6 9. O-O Bb7 10. Bb2 Nbd7 11. Rac1 Qe7 12. a4 Rac8 13. a5 c5 14. axb6 axb6 15. Ra1 dxc4 16. Bxc4 Bxf3 17.
gxf3 cxd4 18. Nb5 Ne5 19. Nxd4 b5 20. Bxe6+ Qxe6 21. Nxe6 Rxc2 22. Nxf8 Rxb2 23. Ne6 Nxf3+ 24. Kg2 Nxh2 25. Rfb1 Rxb1 26. Rxb1 Nhg4 27. Nd4 b4 28. Nxf5 Be5 29. Rd1 g6 30. Rd8+ Kf7 31. Ng3 Bxg3 32. Kxg3 Ne5 33. Rb8 Nd3 34. Rb7+ Ke6 35. f3 h5 36. Kh4 Nd5 37. Kg5 Nxe3 38. Rb6+ Kd5 39. Rxg6 Kd4 40. f4 h4 41. f5 h3 42. Rh6 Nd5 43. Rxh3 Nc5 44. f6 Ne4+ 45. Kf5 Nexf6 46. Rg3 Kc5 47. Ke5 Nd7+ 48. Ke6 N7b6 49. Ke5 Nc3 50.
Rg5 Nbd5 51. Ke6 Kd4 52. Rg4+ Kd3 53. Kd6 Kc2 54. Kc5 Kb2 55. Rxb4 Nxb4 56. Kxb4 Na2+ 57. Kc4 Ka3 58. b4 Nxb4 1/2-1/2

[Event "Early-Titled-Tuesday-Blitz-October-03-2023"]
[Site "Chess.com"]
[Date "2023.10.03"]
[Round "11"]
[White "elmusmolamas"]
[Black "crazy_m_attack"]
[Result "1-0"]
[WhiteElo "2530"]
[BlackElo "2412"]
[TimeControl "180+1"]
[EndTime "10:08:22 PDT"]
[Termination "elmusmolamas won on time"]

1. e4 e5 2. Nf3 Nc6 3. Bb5 a6 4.
Bxc6 dxc6 5. d3 f6 6. Nbd2 Ne7 7. Nc4 g6 8. h4 Bg7 9. Be3 Bg4 10. Qd2 Qd7 11.
O-O-O O-O-O 12. Qb4 c5 13. Qxc5 Nc6 14. Qa3 Bf8 15. Qa4 Nd4 16. Qxd7+ Rxd7 17. Bxd4 exd4 18. Rde1 Bh6+ 19. Kb1 b5 20. Na5 Bxf3 21. gxf3 Bd2 22. Nb3 Bxe1 23. Rxe1 g5 24. h5 Re8 25. Nc5 Rd6 26. b4 Re5 27. Rg1 h6 28. a3 f5 29. f4 gxf4 30. Rg8+ Rd8 31. Rg6 fxe4 32. dxe4 Rxh5 33. Rxa6 Kb8 34. Rf6 Rh1+ 35. Kb2 h5 36.
Rxf4 h4 37. e5 h3 38. e6 h2 39. Rh4 Re8 40. f4 c6 41. f5 Rf1 42. Rxh2 Rxf5 43. Rh7 Rxc5 44. bxc5 Rxe6 45. Kb3 Re5 46. Kb4 Re2 47. Ka5 Rxc2 48. Kb6 Kc8 49. Kxc6 Kd8 50. Rd7+ Ke8 51. Rxd4 Rc3 52. Kxb5 Rxa3 53. c6 Rb3+ 54. Ka6 Ra3+ 55. Kb7 Rb3+ 56. Kc8 Ra3 57. c7 Ra7 58. Kb8 1-0

[Event "Early-Titled-Tuesday-Blitz-October-03-2023"]
[Site "Chess.com"]
[Date "2023.10.03"]
[Round "11"]
[White "Polish_fighter3000"]
[Black "Murad_Ibrahimli"]
[Result "1-0"]
[WhiteElo "3074"]
[BlackElo "2911"]
[TimeControl "180+1"]
[EndTime "10:08:23 PDT"]
[Termination "Polish_fighter3000 won by resignation"]

1. g4 d5 2. Bg2 c6 3. h3 g6 4. f4 h5 5. g5 e5 6. d4 e4 7. h4 Ne7 8. e3 Nf5 9. Ne2 c5 10. c3 Nc6 11. Kf2 Be6 12. Ng3 Nxg3 13. Kxg3 Ne7 14. Qa4+ Bd7 15. Qb3 Nf5+ 16. Kf2 Bc6 17.
Nd2 a5 18. a4 Be7 19. Nf1 cxd4 20. cxd4 f6 21. Bd2 fxg5 22. hxg5 O-O 23. Kg1 Kg7 24. Rh2 Ra6 25. Qd1 Bb4 26. Kf2 Rb6 27. Ng3 Nxg3 28.
Kxg3 Bd6 29. Kh4 Rxb2 30. Bh3 Bd7 31. Rb1 Bxa4 32. Qe1 Rxb1 33. Qxb1 Bc6 34. Qa2 a4 35. Be6 Be7 36. Rg2 Qd6 37. Bh3 Qa3 38. Qb1 Qd3 39. Qe1 a3 40. f5 gxf5 41. Qg3 f4 42. exf4 Qxg3+ 43. Rxg3 a2 44. Rg1 Ra8 45. Ra1 Ra3 46. f5 Bd6 47. Bf1 e3 48. Bc1 Bf4 49. Bxa3 1-0

[Event "Early-Titled-Tuesday-Blitz-October-03-2023"]
[Site "Chess.com"]
[Date "2023.10.03"]
[Round "11"]
[White "NovozhilovSemen"]
[Black "ActorXu"]
[Result "0-1"]
[WhiteElo "2592"]
[BlackElo "2728"]
[TimeControl "180+1"]
[EndTime "10:08:24 PDT"]
[Termination "ActorXu won by resignation"]

1. d4 Nf6 2. Nf3 d5 3. c4 e6 4. g3 Be7 5. Bg2 O-O 6. O-O dxc4 7. Qc2 a6 8. a4 Bd7 9. Bg5 Bc6 10.
Qxc4 Bd5 11. Qd3 c5 12. Nc3 Bc6 13. Rfd1 Qa5 14. Ne5 Bxg2 15. Kxg2 cxd4 16. Qxd4 Rd8 17. Qe3 Nc6 18. Nxc6 bxc6 19. Qf3 Qxg5 20. Qxc6 a5 21. Qb7 Bb4 22. Nb5 Qe5 23. Nd4 Qd5+ 24. Qxd5 Rxd5 25. Nc6 Kf8 26. Kf3 Rc8 27. Nxb4 axb4 28. e4 Rxd1 29. Rxd1 Ke7 30. Rd4 Rb8 31. Ke3 Nd7 32.
Rc4 Kd6 33. f4 Nc5 34. a5 Kc6 35. Kd4 Rd8+ 36. Ke3 Kb5 37. Rc2 Rd3+ 38. Ke2 Rd8 39. Ke3 Ra8 40. Kd4 Nb3+ 41. Ke5 Ra6 42. f5 f6+ 43.
Kf4 e5+ 44. Kg4 Ra7 45. Kh5 Nxa5 46. g4 h6 47. Kg6 Nc4 48. Re2 b3 49. h4 Kc5 50. h5 Kd4 51. g5 hxg5 52. h6 gxh6 53. Kxf6 Ne3 54. Kg6 Kxe4 55. f6 Kd3 56. Rf2 Nd5 57.
f7 Rxf7 58. Rxf7 e4 59. Rd7 Kc4 60. Kf5 e3 61. Rd8 e2 62. Re8 Kd3 63. Kg4 Nf6+ 0-1